 Dungeon Crawl Stone Soup version 0.30-a0-1114-gd936c97349 (webtiles) character file.

Game seed: 5667896157039871815

49 holysushi the Cutter (level 3, 0/29 HPs)
             Began as a Demonspawn Monk on Apr 21, 2023.
             Slain by Sigmund
             ... wielding a +0 scythe
              (9 damage)
             ... on level 2 of the Dungeon.
             The game lasted 00:01:58 (1225 turns).

holysushi the Cutter (Demonspawn Monk)              Turns: 1225, Time: 00:01:59

Health: 0/29       AC:  2    Str: 10 (11) XL:     3   Next: 51%
Magic:  3/3        EV: 12    Int:  8 (11) God:
Gold:   67         SH:  0    Dex: 14 (17) Spells: 2/2 levels left

rFire   . . .      SeeInvis .    a - +0 short sword
rCold   . . .      Faith    .    d - orb {light}
rNeg    . . .      Spirit   .    b - +0 robe
rPois   .          Reflect  .    (no helmet)
rElec   .          Rampage  .    (no cloak)
rCorr   .                        (no gloves)
Will    .....                    (no boots)
Stlth   +                        (no amulet)
HPRegen 0.24/turn                (no ring)
MPRegen 0.08/turn                (no ring)

@: confused, ambrosia-drunk, attractive, glowing
A: powered by death 1, weakness stinger 1
a: no special abilities


You were on level 2 of the Dungeon.
You visited 1 branch of the dungeon, and saw 2 of its levels.

You collected 67 gold pieces.

Inventory:

Hand Weapons
 a - a +0 short sword (weapon)
Armour
 b - a +0 robe (worn)
 d - an orb of light (worn)
Scrolls
 f - a scroll of enchant weapon {unknown}
 g - a scroll of immolation {unknown}
 h - 2 scrolls of teleportation {unknown}


   Skills:
 - Level 3.1 Fighting
 + Level 4.0 Short Blades
 - Level 2.8 Dodging


You had 2 spell levels left.
You didn't know any spells.
Your spell library was empty.

Dungeon Overview and Level Annotations

Branches:
Dungeon (2/15) Zot: 10793

Altars:

Annotations:
D:2 Sigmund


Innate Abilities, Weirdness & Mutations

You regenerate a little health from kills.
You have a small tail.


Message History

You feel attractive to monsters. Sigmund barely misses you.
Sigmund is attracted toward you.
You barely miss Sigmund. You hit Sigmund but do no damage.
Sigmund hits you with a +0 scythe!
You hit Sigmund.
Sigmund is lightly wounded.
You hit Sigmund.
Sigmund is lightly wounded.
Sigmund casts a spell at you.
You are confused.
You hit Sigmund.
Sigmund is lightly wounded.
Sigmund barely misses you.
You hit Sigmund.
Sigmund is moderately wounded.
Sigmund closely misses you.
You bump into the rock wall.
Sigmund hits you with a +0 scythe.
You barely miss Sigmund.
Sigmund is moderately wounded.
Sigmund barely misses you.
You see here a ball python corpse.
You bump into the rock wall.
You feel less confused. Sigmund barely misses you.
You hit Sigmund but do no damage.
Sigmund is moderately wounded.
You hit Sigmund.
Sigmund is moderately wounded.
Sigmund gestures at you while chanting. The magic dart hits you!
You hit Sigmund.
Your tail-slap misses Sigmund.
Sigmund is moderately wounded.
Sigmund casts a spell at you. The magic dart hits you.
* * * LOW HITPOINT WARNING * * *
You barely miss Sigmund.
Sigmund is moderately wounded.
You are confused.
You feel invigorated. Sigmund hits you with a +0 scythe!
You die...

#.#.#..^.......#.#
# #.....##..###.#.#
.### #..##†..##....
#.#. #....##.##...#
#..# #..#.##....###
#..# #.#.....####
#.<# #.###..#######
#.@# #.# #.........
#.@###.###.########
#..##...##.#
#..........#
#.###...##.# #.#
##.## # #.# #.# ..#
#.# ### #.# #..


You could see Sigmund (invisible).

Vanquished Creatures
  An adder (D:2)
  A worm (D:2)
  A dart slug (D:1)
  3 ball pythons
  3 endoplasms
  2 giant cockroaches (D:1)
  4 goblins
  3 hobgoblins (D:1)
  A quokka (D:1)
  3 bats
  7 frilled lizards
  3 kobolds (D:1)
  2 rats (D:1)
34 creatures vanquished.

Notes
Turn   | Place    | Note
-------+----------+-------------------------------------------
     0 | D:1      | holysushi the Demonspawn Monk began the quest for the Orb.
     0 | D:1      | Reached XP level 1. HP: 18/18 MP: 1/1
   241 | D:1      | Reached skill level 3 in Short Blades
   241 | D:1      | Gained mutation: You have a small tail. [demonic ancestry]
   241 | D:1      | Reached XP level 2. HP: 23/24 MP: 2/2
   939 | D:2      | Gained mutation: You regenerate a little health from kills.
                  | [demonic ancestry]
   939 | D:2      | Reached XP level 3. HP: 24/29 MP: 3/3
  1059 | D:2      | Found a faded altar of an unknown god.
  1202 | D:2      | Noticed Sigmund
  1208 | D:2      | Reached skill level 4 in Short Blades
  1225 | D:2      | Slain by Sigmund

Illustrated notes

Levels and vault maps discovered:
D:1:      saegor_arrival_under_anarchy, layout_basic
D:2:      layout_loops_ring, serial_shops, nicolae_shop_window_shopping,
          hellmonk_ecumenical_altar_run_dry, minmay_tetromino_o2, uniq_sigmund,
          uniq_natasha

Skill      XL: |  1  2  3 |
---------------+----------+-----
Short Blades   | 3 4 |  4.0
Fighting       | |  3.1
Dodging        | |  2.8

Action                     || total
---------------------------++-------
  Melee: Short sword       ||   114
         Tailslap          ||    12
    Use: Potion            ||     3
 Armour: Robe              ||    14
  Dodge: Dodged            ||    61

Table legend: (Time is in decaauts)
 A = Elapsed time spent in this place.
 B = Non-inter-level travel time spent in this place.
 C = Inter-level travel time spent in this place.
 D = Time resting spent in this place.
 E = Time spent auto-exploring this place.
 F = Levels seen in this place.
 G = Mean time per level.
                   A        B        C        D        E       F      G
               +--------+--------+--------+--------+--------+-----+--------+
         Total |   1205 |   1181 |     24 |    125 |    803 |   2 |  602.5 |
       Dungeon |   1205 |   1181 |     24 |    125 |    803 |   2 |  602.5 |
               +--------+--------+--------+--------+--------+-----+--------+

Top non-repeatable levels by time:
     D:1: 905 daAuts
     D:2: 300 daAuts
